 Dungeon Crawl Stone Soup version 0.29.1-15-g9cfb28693d (console) character file.

Game seed: 3802118554451400847

1 sentinel the Digger (level 1, 14/14 HPs)
             Began as a Meteoran Earth Elementalist on Aug 13, 2023.
             Quit the game on level 2 of the Dungeon.
             The game lasted 00:00:05 (311 turns).

sentinel the Digger (Meteoran Earth Elementalist)    Turns: 311, Time: 00:00:05

Health: 14/14      AC:  2    Str:  9    XL:     1   Next: 28%
Magic:  5/5        EV: 12    Int: 16    God:
Gold:   0          SH:  0    Dex: 14    Spells: 4/5 levels left

rFire   . . .      SeeInvis .   (no weapon)
rCold   . . .      Faith    .   (no shield)
rNeg    . . .      Spirit   .   a - +0 robe
rPois   .          Reflect  .   (no helmet)
rElec   .          Harm     .   (no cloak)
rCorr   .          Rampage  .   (no gloves)
Will    .....                   (no boots)
Stlth   +.........              (no amulet)
HPRegen 0.04/turn               (no ring)
MPRegen 0.09/turn               (no ring)

@: glowing
A: sense surroundings 1, otherworldly, glowing, explore regen
a: no special abilities


You were on level 2 of the Dungeon.
You visited 1 branch of the dungeon, and saw 2 of its levels.

Inventory:

Armour
 a - a +0 robe (worn)
Scrolls
 c - a scroll of teleportation {unknown}
Potions
 b - a potion of magic
 d - a potion of heal wounds {unknown}
 e - a potion of resistance {unknown}
 f - a potion of lignification {unknown}


   Skills:
 - Level 2.4 Dodging
 - Level 1.4 Stealth
 - Level 2.6 Spellcasting
 - Level 1.2 Transmutations
 + Level 3.7 Earth Magic


You had 4 spell levels left.
You knew the following spells:

 Your Spells              Type           Power      Damage    Failure   Level
a - Sandblast             Erth           28%        2d8       4%          1

Your spell library contained the following spells:

 Spells                   Type           Power      Damage    Failure   Level
 Passwall                 Tmut/Erth      8%         N/A       11%         2
 Stone Arrow              Conj/Erth      16%        3d8       26%         3
 Petrify                  Tmut/Erth      10%        N/A       56%         4


Dungeon Overview and Level Annotations

Branches:
Dungeon (1/15) Zot: 888

Altars:


Innate Abilities, Weirdness & Mutations

You passively map a small area around you.
You are easily found by Zot.
You glow in the dark.
You regain HP and MP as you explore.


Message History

No target in view!
No target in view!
You can't see any susceptible monsters within range! (Use Z to cast anyway.) Unknown command.
You can't see any susceptible monsters within range! (Use Z to cast anyway.) Unknown command.
You can't see any susceptible monsters within range! (Use Z to cast anyway.) Unknown command.
You can't see any susceptible monsters within range! (Use Z to cast anyway.) Unknown command.
No target in view!
No target in view!
You can't see any susceptible monsters within range! (Use Z to cast anyway.) Unknown command.
You can't see any susceptible monsters within range! (Use Z to cast anyway.) Unknown command.
You can't see any susceptible monsters within range! (Use Z to cast anyway.) Unknown command.
You can't see any susceptible monsters within range! (Use Z to cast anyway.) Unknown command.
No target in view!
No target in view!
You can't see any susceptible monsters within range! (Use Z to cast anyway.) Unknown command.
You can't see any susceptible monsters within range! (Use Z to cast anyway.) Unknown command.
You can't see any susceptible monsters within range! (Use Z to cast anyway.) Unknown command.
You can't see any susceptible monsters within range! (Use Z to cast anyway.) Unknown command.
You see here 11 gold pieces.
Found a cloak.
Found a stone staircase leading down.
Unknown command.
There is a stone staircase leading down here.
e - a viscous red potion Unknown command.
You open the door.
A ball python comes into view.
Found a sling.
Found a stone staircase leading up.
Unknown command.
But you're not safe!
Unknown command.
But you're not safe!
Unknown command.
The blast of sand hits the ball python!
You kill the ball python!
No target in view!
You can't see any susceptible monsters within range! (Use Z to cast anyway.) Unknown command.
You can't see any susceptible monsters within range! (Use Z to cast anyway.) Unknown command.
You can't see any susceptible monsters within range! (Use Z to cast anyway.) Unknown command.
You can't see any susceptible monsters within range! (Use Z to cast anyway.) Unknown command.
No target in view!
No target in view!
You can't see any susceptible monsters within range! (Use Z to cast anyway.) Unknown command.
You can't see any susceptible monsters within range! (Use Z to cast anyway.) Unknown command.
You can't see any susceptible monsters within range! (Use Z to cast anyway.) Unknown command.
You can't see any susceptible monsters within range! (Use Z to cast anyway.) Unknown command.
No target in view!
No target in view!
You can't see any susceptible monsters within range! (Use Z to cast anyway.) Unknown command.
You can't see any susceptible monsters within range! (Use Z to cast anyway.) Unknown command.
You can't see any susceptible monsters within range! (Use Z to cast anyway.) Unknown command.
You can't see any susceptible monsters within range! (Use Z to cast anyway.) Unknown command.
Magic restored.
There is an open door here.
There is a stone staircase leading up here.
You open the door.
There is an open door here.
There is an open door here.
There is an open door here.
f - a pink potion Unknown command.
You open the door.
Found a sling.
There is an open door here.
Unknown command.
Found a ring mail.
Unknown command.
You open the door.
Found 10 gold pieces.
Unknown command.
You open the door.
There is an open door here.
There is an open door here.
You see here 10 gold pieces.
There is an open door here.
You open the door.
There is an open door here.
As you open the door, it creaks loudly!
Found a potion of magic.
Unknown command.
No target in view!
No target in view!
You can't see any susceptible monsters within range! (Use Z to cast anyway.) Unknown command.
You can't see any susceptible monsters within range! (Use Z to cast anyway.) Unknown command.
You can't see any susceptible monsters within range! (Use Z to cast anyway.) Unknown command.
You can't see any susceptible monsters within range! (Use Z to cast anyway.) Unknown command.
No target in view!
No target in view!
You can't see any susceptible monsters within range! (Use Z to cast anyway.) Unknown command.
You can't see any susceptible monsters within range! (Use Z to cast anyway.) Unknown command.
You can't see any susceptible monsters within range! (Use Z to cast anyway.) Unknown command.
You can't see any susceptible monsters within range! (Use Z to cast anyway.) Unknown command.
No target in view!
No target in view!
You can't see any susceptible monsters within range! (Use Z to cast anyway.) Unknown command.
You can't see any susceptible monsters within range! (Use Z to cast anyway.) Unknown command.
You can't see any susceptible monsters within range! (Use Z to cast anyway.) Unknown command.
You can't see any susceptible monsters within range! (Use Z to cast anyway.) Unknown command.
Found 12 gold pieces.
A rat comes into view.
There is an open door here.
Unknown command.
But you're not safe!
Unknown command.
But you're not safe!
Unknown command.
But you're not safe!
Unknown command.
But you're not safe!
Unknown command.
Unknown command.
Unknown command.
Unknown command.
Unknown command.
Are you sure you want to abandon this character and quit the game? (Confirm with "yes".)

#.......##.....########.#.
######+###.....# #.#.
##...###.....# #.#. ,
.......####'#########.## *
....... #.......)##...
....... #........##### ,
.......* #........'...$
.......#####.......#####
....!..@...'.......'....
.......#####.......##### *
....... #.......# *
...##.. #..[....# ## ...,
#.......# .... ######### ,
, ...$. , , ....r., ,


You could see a rat (wandering).

Vanquished Creatures
  A ball python (D:2)
1 creature vanquished.

Notes
Turn   | Place    | Note
-------+----------+-------------------------------------------
     0 | D:1      | sentinel the Meteoran Earth Elementalist began the quest
                  | for the Orb.
     0 | D:1      | Reached XP level 1. HP: 14/14 MP: 5/5
    26 | D:1      | You fall into a shaft and drop 1 floor!
   311 | D:2      | Quit the game

Illustrated notes

Levels and vault maps discovered:
D:1:      psy_arrival_statuary, layout_basic, nicolae_ecumenical_snake_handling
D:2:      layout_basic, chequers_serial_rivers_micro_e, st_stairs_1, minivault_5

Action                   || total
-------------------------++-------
 Cast: Sandblast         ||     1
